 Dungeon Crawl Stone Soup version 0.20.1-1-g8b1a95d (webtiles) character file.

51 darkhara the Firebug (level 3, -4/24 HPs)
             Began as a Demonspawn Fire Elementalist on Sept 6, 2017.
             Was a Follower of Nemelex Xobeh.
             Slain by a phantom (5 damage)
             ... on level 2 of the Dungeon.
             The game lasted 00:11:50 (1258 turns).

darkhara the Firebug (Demonspawn Fire Elementalist) Turns: 1258, Time: 00:11:51

Health: -4/24      AC:  4    Str:  8    XL:     3   Next: 58%
Magic:  4/15       EV:  9    Int: 17    God:    Nemelex Xobeh [*.....]
Gold:   56         SH:  6    Dex: 13    Spells: 1/7 levels left

rFire    . . .     SeeInvis .   g - +0 spear
rCold    . . .     Gourm    .   k - +0 shield
rNeg     . . .     Faith    .   a - +0 robe
rPois    .         Spirit   .   n - +0 helmet
rElec    .         Reflect  .   (no cloak)
rCorr    .         Harm     .   (no gloves)
MR       .....                  (no boots)
Stlth    +++.......             (no amulet)
Regen    0.1/turn               i - +1 ring of protection
MPRegen  0.2/turn               f - ring of magical power

@: very slightly contaminated
A: nightstalker 1
a: Renounce Religion


You were on level 2 of the Dungeon.
You worshipped Nemelex Xobeh.
Nemelex Xobeh was aware of your devotion.
You were not hungry.

You visited 1 branch of the dungeon, and saw 3 of its levels.

You collected 56 gold pieces.

Inventory:

Hand Weapons
 e - a +0 dagger
 g - a +0 spear (weapon)
Missiles
 h - 3 javelins (quivered)
Armour
 a - a +0 robe (worn)
 k - a +0 shield (worn)
 n - a +0 helmet (worn)
Jewellery
 f - a ring of magical power (right hand)
 i - a +1 ring of protection (left hand)
 m - an uncursed ring of flight
Scrolls
 p - a scroll of fog {unknown}
Potions
 l - a potion of berserk rage
Books
 b - a book of Flames

   Spells                             Type                      Level
   a - Flame Tongue                   Conjuration/Fire             1
   b - Throw Flame                    Conjuration/Fire             2
   c - Conjure Flame                  Conjuration/Fire             3
   d - Inner Flame                    Hexes/Fire                   3
   e - Sticky Flame                   Conjuration/Fire             4
   f - Fireball                       Conjuration/Fire             5
Miscellaneous
 j - a plain deck of summoning {drawn: 1}
Comestibles
 c - 3 bread rations
 d - a meat ration


   Skills:
 + Level 1.8 Dodging
 + Level 2.1 Stealth
 + Level 2.6 Spellcasting
 + Level 1.7 Conjurations
 + Level 3.3 Fire Magic


You had one spell level left.
You knew the following spells:

 Your Spells              Type           Power        Failure   Level  Hunger
a - Flame Tongue          Conj/Fire      ##...        41%         1    #......
b - Throw Flame           Conj/Fire      ##....       56%         2    ##.....
c - Conjure Flame         Conj/Fire      ##......     80%         3    ###....


Dungeon Overview and Level Annotations

Branches:
Dungeon (3/15)

Altars:
Hepliaklqana
Kikubaaqudgha
Nemelex Xobeh

Annotations:
D:2 Robin


Innate Abilities, Weirdness & Mutations

You are slightly more attuned to the shadows.


Message History

Casting: Throw Flame
Confirm with . or Enter, or press ? or * to list all spells.
You don't have enough magic to cast that spell.
Unknown command.
The phantom blinks!
The phantom hits you but does no damage.
The phantom hits you. The phantom hits you!
The phantom blinks!
The phantom barely misses you. The phantom hits you!
* * * LOW HITPOINT WARNING * * *
You completely miss the phantom.
The phantom is lightly damaged.
You block the phantom's attack.
The phantom hits you but does no damage.
You block the phantom's attack.
The phantom blinks!
The phantom hits you.
You die...
Your body glows slightly and disappears.

,,,***********,,**#.....#.######.
,,,+,,,,,,,,,,,,* #.....+.....##.
,,,**********,,,* #.....#.###+##.
*+****** *,,,* **#..........#.
*,,,,,,******,*** ##########...#.
,,,,,...,,,,,,* ###8###8####...'.
,,*###.#******###8...8...8##...#.
,,+,...# ####.........##..##.
,,**#..# #.#@........._#.###. ,,*
#..# #.##W........####*#. *,*
#..#######.##8...8...8##..,.. *,*
#..........####8###8###**.#.. *,*
#.#######..###### ###****,##. *,*
#.# #.......# *,,,,*,*#.
*,###.#######.....#.#***,,,,*,*#.
,,#...............#.,,,,,,,,*,*#.
**######...##<.......,,,,,,,*,*#.


You could see a phantom.

Vanquished Creatures
  An adder (D:2)
  A worm (D:2)
  2 dart slugs (D:1)
  4 leopard geckos
  6 bats
  A giant cockroach (D:1)
  5 goblins
  2 hobgoblins
  3 kobolds (D:1)
  2 ball pythons (D:2)
  2 frilled lizards
29 creatures vanquished.

Notes
Turn   | Place    | Note
-------+----------+-------------------------------------------
     0 | D:1      | darkhara the Demonspawn Fire Elementalist began the quest for the Orb.
     0 | D:1      | Reached XP level 1. HP: 13/13 MP: 3/3
   146 | D:1      | Reached skill level 3 in Fire Magic
   157 | D:1      | Found a sparkling altar of Nemelex Xobeh.
   171 | D:1      | Became a worshipper of Nemelex Xobeh the Trickster
   277 | D:1      | Gained mutation: You are slightly more attuned to the shadows. [demonic ancestry]
   277 | D:1      | Reached XP level 2. HP: 17/19 MP: 5/5
   281 | D:1      | Learned a level 2 spell: Throw Flame
   427 | D:1      | Received a gift from Nemelex Xobeh
   920 | D:2      | Reached XP level 3. HP: 21/24 MP: 6/6
   925 | D:2      | Learned a level 3 spell: Conjure Flame
  1024 | D:2      | Found a hazy altar of Hepliaklqana.
  1107 | D:2      | Reached * piety under Nemelex Xobeh
  1172 | D:2      | Noticed Robin
  1209 | D:3      | Noticed a phantom
  1221 | D:3      | Found an ancient bone altar of Kikubaaqudgha.
  1248 | D:2      | HP: 1/24 [phantom (8)]
  1258 | D:2      | Slain by a phantom

Skill      XL: |  1  2  3 |
---------------+----------+-----
Fire Magic     | 3 |  3.3
Stealth        | 2 |  2.1
Dodging        | |  1.8
Spellcasting   | |  2.6
Conjurations   | |  1.7

Action                   || total
-------------------------++-------
Melee: Spear             ||    19
       Unarmed           ||     1
 Cast: Flame Tongue      ||    26
       Throw Flame       ||    28
Evoke: Deck              ||     1
  Use: Scroll            ||     4
       Potion            ||     2
  Eat: Meat ration       ||     1
Armor: Robe              ||    21
Dodge: Dodged            ||    42
Block: Shield            ||     9
